 Dungeon Crawl Stone Soup version 0.27.1-3-gb3d3a73c9e (webtiles) character file.

Game seed: 16448439941256083858

2800 horus123 the Thaumaturge (level 9, -21/47 HPs)
             Began as a Deep Elf Conjurer on Oct 30, 2021.
             Was the Champion of Ru.
             Shot with a bolt by an orc warlord (31 damage)
             ... in a bailey.
             The game lasted 00:27:44 (8209 turns).

horus123 the Thaumaturge (Deep Elf Conjurer)        Turns: 8209, Time: 00:27:44

Health: -21/47     AC:  7    Str:  5    XL:     9   Next: 44%
Magic:  11/24      EV: 13    Int: 31    God:    Ru [******]
Gold:   121        SH:  0    Dex: 13    Spells: 8/26 levels left

rFire    . . .     SeeInvis .   t - +3 war axe of Infinity {protect, Int+5}
rCold    . . .     Faith    .   (shield unavailable)
rNeg     . . .     Spirit   .   a - +1 robe
rPois    .         Reflect  .   (no helmet)
rElec    .         Harm     .   (no cloak)
rCorr    .         Rampage  .   (no gloves)
Will     .....                  (no boots)
Stlth    ++........             (no amulet)
HPRegen  0.15/turn              (ring unavailable)
MPRegen  0.19/turn              i - +4 ring of protection

@: exhausted
A: missing a hand, inability to use devices, hated by all
a: Renounce Religion, Draw Out Power, Power Leap, Apocalypse


You were in a bailey.
You worshipped Ru.
Ru was exalted by your worship.
You visited 1 branch of the dungeon, and saw 7 of its levels.
You also visited: Ossuary and Bailey.

You collected 598 gold pieces.
You spent 477 gold pieces at shops.

Inventory:

Hand Weapons
 r - a +1 double sword
 t - the +3 war axe of Infinity (weapon) {protect, Int+5}
   (You bought it in a shop on level 4 of the Dungeon)

   It grants its wielder temporary protection when it strikes (+7 to AC).
   Int:       It affects your intelligence (+5).
Armour
 a - a +1 robe (worn)
Magical Staves
 h - a staff of poison
Jewellery
 e - a ring of willpower
 g - a ring of protection from cold
 i - a +4 ring of protection (right hand)
 o - a +4 ring of evasion
 s - a ring of protection from cold
Scrolls
 u - 2 scrolls of teleportation
 w - a scroll of summoning {unknown}
 y - 3 scrolls of fog
Potions
 b - 6 potions of haste
 c - 5 potions of attraction
 d - 4 potions of cancellation
 f - a potion of magic
 k - a potion of resistance
 l - a potion of ambrosia {unknown}
 m - a potion of might {unknown}
 n - a potion of lignification {unknown}
 p - a potion of degeneration {unknown}
 q - a potion of flight {unknown}
 v - a potion of brilliance {unknown}
 x - a potion of mutation


   Skills:
 + Level 1.2 Fighting
 + Level 2.8 Axes
 + Level 4.4 Dodging
 + Level 3.9 Stealth
 + Level 9.2 Spellcasting
 + Level 8.1 Conjurations
 * Level 6.5 Hexes
 * Level 5.6 Fire Magic


You had 8 spell levels left.
You knew the following spells:

 Your Spells              Type           Power      Damage    Failure   Level
a - Magic Dart            Conj           100%       1d8       1%          1
b - Searing Ray           Conj           100%       3d7       1%          2
c - Dazzling Flash        Conj/Hex       100%       N/A       1%          3
d - Foxfire               Conj/Fire      100%       2x1d9     1%          1
e - Inner Flame           Hex/Fire       51%        N/A       1%          3
f - Fulminant Prism       Conj/Hex       28%        3d14      1%          4
g - Sticky Flame          Conj/Fire      54%        2d7       1%          4

Your spell library contained the following spells:

 Spells                   Type           Power      Damage    Failure   Level
 Conjure Flame            Conj/Fire      54%        6-21      1%          3
 Ignite Poison            Fire/Tmut/Pois 25%        N/A       4%          3
 Iskenderun's Mystic Bla  Conj/Tloc      39%        2d9       7%          4


Dungeon Overview and Level Annotations

Branches:
Dungeon (7/15)             Temple (0/1) D:4         Ossuary (visited)
 Bailey (1/1)

Altars:
Elyvilon
Kikubaaqudgha
Ru
Sif Muna

Shops:
D:4 ((


Innate Abilities, Weirdness & Mutations

You are missing a hand.
You cannot study or use magical devices.
You are hated by all.


Message History

The orc warlord is moderately wounded.
The orc warlord shoots a bolt.
The bolt hits you!!
You feel better.
The orc warlord shoots a bolt.
The bolt hits you!
The orc warlord is stunned by your conviction and fails to attack.
Items here: ! $ ) ? [.
Casting: Foxfire (safe; 1% risk of failure)
Confirm with . or Enter, or press ? or * to list all spells.
Aiming: Searing Ray (safe; 1% risk of failure)
Press: ? - help, Shift-Dir - straight line, f - orc warlord
Aim: an orc warlord, wielding a +0 arbalest, wearing a +0 chain mail and quivering bolts (moderately wounded, 87% to hit)
The searing ray hits the orc warlord!
The orc warlord is moderately wounded. (Press . to maintain the ray.)
An orc warrior comes into view. It is wielding a +0 war axe.
A hobgoblin comes into view. It is wielding a +0 hand axe.
The searing ray hits the orc warlord!
The orc warlord is heavily wounded.
The searing ray hits the orc warlord.
The orc warlord is heavily wounded.
The searing ray hits the orc warlord!
The orc warlord is heavily wounded.
You finish channeling your searing ray.
The orc warlord unwields a +0 arbalest.
The orc warlord wields a +0 war axe.
The orc warlord hits you with a +0 war axe!
* * * LOW HITPOINT WARNING * * *
Aiming: Power Leap
Press: ? - help, Dir - move target, p - orc warlord The orc warlord unwields a +0 war axe.
The orc warlord wields a +0 arbalest.
The orc warlord shoots a bolt.
The bolt barely misses you.
Okay, then.
Okay, then.
You're too exhausted to unleash your apocalyptic power.
Okay, then.
The orc warlord shoots a bolt.
The bolt closely misses you.
Okay, then.
The orc warlord is stunned by your conviction and fails to attack.
Drinking this now will have no effect.
The orc warlord shoots a bolt.
The bolt hits you!!
Ouch! That really hurt!
You die...

#...........
#...........
###.........#
###.#)#.))..###
###....)###.###
##.........###..
#..........8##..
#..........8#..
#@....)o.g..'..
#......o...8#..
#........).8##..
##...).....###..
###...).###.###
###.#'#.....###
###..)).....#
#...........
#...........


You could see an orc warlord and an orc warrior (strong).

Vanquished Creatures
  Sigmund (D:6)
  Edmund (D:6)
  A water moccasin (D:5)
  2 black bears
  8 orc warriors (Bailey)
  2 ogres
  3 necrophages
  A kobold brigand (D:7)
  A bullfrog (D:6)
  A scorpion (D:6)
  A hound (D:5)
  4 orc priests
  A centaur skeleton (D:6)
  2 iguanas
  Ijyb (D:5)
  3 orc wizards (D:6)
  2 hound skeletons
  8 mummies (Ossuary)
  12 gnolls
  2 howler monkey skeletons
  8 adders
  2 adder skeletons (D:3)
  A worm (D:3)
  3 dart slugs
  28 orcs
  7 bats
  7 endoplasms
  5 giant cockroaches
  35 goblins
  17 hobgoblins
  3 jackals (D:3)
  2 quokkas
  5 ball pythons
  A ball python zombie (D:3)
  5 frilled lizards
  A gnoll zombie (Ossuary)
  A goblin zombie (D:4)
  3 hobgoblin zombies (Ossuary)
  7 kobolds
  4 orc zombies (Ossuary)
  A quokka skeleton (D:3)
  A rat (D:3)
  A rat zombie (D:4)
205 creatures vanquished.

Vanquished Creatures (others)
  A hobgoblin (Bailey)
  36 foxfires
  4 fulminant prisms
  6 plants (D:4)
  2 withered plants (D:3)
49 creatures vanquished.

Grand Total: 254 creatures vanquished

Notes
Turn   | Place    | Note
-------+----------+-------------------------------------------
     0 | D:1      | horus123 the Deep Elf Conjurer began the quest for the Orb.
     0 | D:1      | Reached XP level 1. HP: 10/10 MP: 6/6
   382 | D:1      | Reached XP level 2. HP: 15/15 MP: 4/8
   385 | D:1      | Learned a level 2 spell: Searing Ray
   612 | D:1      | Reached skill level 1 in Hexes
   723 | D:1      | Reached skill level 5 in Conjurations
   960 | D:2      | Found an ancient bone altar of Kikubaaqudgha.
   990 | D:2      | Reached XP level 3. HP: 19/19 MP: 3/9
  1064 | D:2      | Learned a level 3 spell: Dazzling Flash
  1243 | D:2      | Learned a level 1 spell: Foxfire
  1675 | D:2      | Found a faded altar of an unknown god.
  1675 | D:2      | Noticed a ynoxinul
  1685 | D:2      | Became a worshipper of Ru the Awakened
  1689 | D:2      | Gained mutation: You are hated by all. [Ru sacrifice]
  1689 | D:2      | Reached * piety under Ru
  2128 | D:3      | Reached XP level 4. HP: 24/24 MP: 7/11
  2132 | D:3      | Learned a level 3 spell: Inner Flame
  2227 | D:3      | Reached skill level 4 in Spellcasting
  2574 | D:3      | Reached skill level 1 in Fire Magic
  2574 | D:3      | Reached XP level 5. HP: 28/28 MP: 9/13
  2897 | D:3      | Noticed a black bear
  2908 | D:3      | Killed a black bear
  2909 | D:3      | Reached XP level 6. HP: 32/32 MP: 4/15
  2914 | D:3      | Learned a level 4 spell: Fulminant Prism
  3182 | D:4      | Reached skill level 5 in Spellcasting
  3619 | D:4      | Found a sand-covered staircase.
  3641 | Ossuary  | Entered an ossuary
  3773 | Ossuary  | Reached XP level 7. HP: 33/36 MP: 0/17
  4289 | D:4      | Found a staircase to the Ecumenical Temple.
  4339 | D:4      | Found Kiwomov's Weapon Boutique.
  4441 | D:4      | Found Buwn's Weapon Shop.
  4691 | D:4      | Gained mutation: You cannot study or use magical devices.
                  | [Ru sacrifice]
  4691 | D:4      | Reached ** piety under Ru
  4691 | D:4      | Reached *** piety under Ru
  4835 | D:5      | Entered Level 5 of the Dungeon
  4854 | D:5      | Reached skill level 6 in Spellcasting
  4876 | D:5      | Noticed Ijyb
  4883 | D:5      | Killed Ijyb
  5062 | D:5      | Found an ancient bone altar of Kikubaaqudgha.
  5886 | D:4      | Bought the +3 war axe of Infinity {protect, Int+5} for 477
                  | gold pieces
  5970 | D:6      | Reached skill level 7 in Spellcasting
  6083 | D:6      | Reached XP level 8. HP: 41/41 MP: 15/20
  6263 | D:6      | Found a white marble altar of Elyvilon.
  6321 | D:6      | Reached skill level 1 in Axes
  6585 | D:6      | Reached skill level 5 in Hexes
  6717 | D:6      | Noticed Sigmund
  6721 | D:6      | Killed Sigmund
  6722 | D:6      | Noticed Edmund
  6732 | D:6      | Killed Edmund
  6733 | D:6      | Reached skill level 8 in Spellcasting
  6906 | D:6      | Found a shimmering blue altar of Sif Muna.
  7092 | D:7      | Reached skill level 1 in Fighting
  7092 | D:7      | Reached skill level 5 in Fire Magic
  7273 | D:7      | Found a flagged portal.
  7288 | Bailey   | Entered a bailey
  7483 | Bailey   | Reached XP level 9. HP: 42/47 MP: 23/23
  7628 | Bailey   | Gained mutation: You are missing a hand. [Ru sacrifice]
  7628 | Bailey   | Reached **** piety under Ru
  7628 | Bailey   | Reached ***** piety under Ru
  7628 | Bailey   | Reached ****** piety under Ru
  7768 | Bailey   | Learned a level 4 spell: Sticky Flame
  8163 | Bailey   | Reached skill level 9 in Spellcasting
  8195 | Bailey   | Noticed an orc warlord
  8209 | Bailey   | Shot with a bolt by an orc warlord

Illustrated notes

Levels and vault maps discovered:
D:1:      lightli_arrival_statue_moat, layout_basic
D:2:      layout_loops_cross, basic_altar,
          dreamdust_ecumenical_altar_sealed_demon, corner_web_ring, minivault_5
D:3:      layout_basic, serial_undead, serial_undead_b, serial_undead_a,
          serial_undead_b, serial_undead_b
D:4:      layout_basic, minmay_temple_entry_gardened_gates, serial_shops,
          nicolae_lakefront_shop, kennysheep_mini, enter_ossuary_4,
          chequers_arboretum
D:5:      layout_loops_cross, mainiacjoe_overflow_six_doors_small, st_stairs_9,
          uniq_ijyb
D:6:      wad_crossroads, layout_rooms, general_overflow_altar, tgw_sif,
          nicolae_lava_and_water, sigmund_edmund_badplayer
D:7:      layout_cave_pods, enter_bailey_5
Bailey:   bailey_axe_minmay_hex_keep, bailey

Skill      XL: |  1  2  3  4  5  6  7  8  9 |
---------------+----------------------------+-----
Hexes          | 1 2 3 4 5 6 |  6.5
Conjurations   | 5 6 7 8 |  8.1
Spellcasting   | 4 5 7 8 9 |  9.2
Fire Magic     | 1 2 4 5 |  5.6
Stealth        | 3 |  3.9
Axes           | 2 |  2.8
Dodging        | 3 4 |  4.4
Fighting       | 1 |  1.2

Action                   |  1- 3 |  4- 6 |  7- 9 || total
-------------------------+-------+-------+-------++-------
Melee: War axe           |       |       |    49 ||    49
 Cast: Magic Dart        |    72 |    68 |   124 ||   264
       Searing Ray       |     1 |    16 |    35 ||    52
       Dazzling Flash    |     1 |     1 |       ||     2
       Foxfire           |       |    20 |     1 ||    21
       Fulminant Prism   |       |     1 |     3 ||     4
       Inner Flame       |       |       |     7 ||     7
       Sticky Flame      |       |       |     1 ||     1
Invok: Sacrifice Love    |     1 |       |       ||     1
       Sacrifice Artific |       |       |     1 ||     1
       Power Leap        |       |       |     1 ||     1
       Sacrifice a Hand  |       |       |     1 ||     1
  Use: Scroll            |     2 |       |    13 ||    15
       Potion            |       |     1 |     2 ||     3
 Stab: Sleeping          |       |       |     1 ||     1
Armor: Robe              |     3 |     1 |    21 ||    25
Dodge: Dodged            |     6 |    10 |    78 ||    94
